Map: [ESL] NeoHumanity

Players

Solar - Winner!

  • Race: Zerg Zerg
  • League: Master
  • Spawn Location: 5:00

trigger

  • Race: Protoss Protoss
  • League: Grandmaster
  • Spawn Location: 11:00

Event: HomeStory Cup XXIII

VOD

Have the link to the VOD?

Description

Time

  • Played on: June 30, 2023, 1:04 p.m.
  • Length: 8:49

All games in this series

Show
View Real Time Build Order
Export as new Build Order

Solar Zerg - Winner!

Build Orders: Hatch First 

Get SALT Encoding   

  12  0:00  Drone  
  13  0:12  Overlord  
  13  0:16  Drone  
  14  0:31  Drone  
  14  0:32  Drone  
  16  0:50  Hatchery  
  16  0:52  Drone  
  16  0:55  Drone  
  17  0:58  Drone  
  18  1:10  Extractor  
  17  1:14  Spawning Pool  
  17  1:18  Drone  
  17  1:20  Drone  
  18  1:28  Drone  
  19  1:39  Drone  
  20  1:49  Overlord  
  20  2:02  Queen x2  
  20  2:03  Zergling x4  
  26  2:12  Drone x2  
  28  2:17  Metabolic Boost  
  28  2:21  Drone  
  29  2:24  Drone  
  30  2:36  Hatchery  
  29  2:39  Zergling x2  
  30  2:45  Queen  
  32  2:52  Drone  
  32  2:53  Drone  
  32  2:57  Overlord  
  32  3:00  Drone x2  
  34  3:08  Zergling x4  
  35  3:15  Queen, Drone  
  35  3:17  Drone  
  39  3:20  Zergling x2  
  39  3:21  Drone  
  39  3:23  Drone  
  42  3:31  Drone  
  42  3:32  Overlord  
  42  3:38  Drone  
  42  3:43  Drone  
  43  3:48  Drone  
  43  3:49  Drone  
  43  3:51  Queen  
  46  3:55  Drone  
  46  3:56  Drone x2  
  46  4:00  Queen  
  52  4:02  Drone  
  52  4:05  Spore Crawler  
  52  4:07  Drone  
  51  4:12  Overlord  
  51  4:14  Spore Crawler  
  50  4:17  Drone x3  
  50  4:21  Drone x2  
  54  4:29  Drone x3  
  54  4:30  Overlord  
  57  4:32  Drone x3  
  57  4:34  Drone  
  57  4:35  Drone  
  62  4:42  Zergling x4  
  62  4:45  Overlord  
  64  4:52  Drone x2  
  66  4:53  Unknown  
  66  4:57  Drone x3  
  68  5:02  Drone x2  
  68  5:04  Queen  
  71  5:09  Drone x2  
  71  5:11  Drone x3  
  71  5:12  Drone  
  77  5:17  Drone x2  
  77  5:18  Hatchery  
  78  5:21  Overlord x2  
  78  5:26  Lair  
  78  5:28  Drone  
  79  5:29  Roach Warren  
  79  5:30  Extractor x2, Zergling x2  
  79  5:33  Zergling x6  
  79  5:34  Zergling x2  
  81  5:38  Zergling x2  
  81  5:41  Zergling x8  
  86  5:43  Zergling x2  
  86  5:46  Zergling x2  
  86  5:47  Zergling x2  
  86  5:48  Overlord  
  89  5:53  Overlord  
  89  5:57  Overlord  
  89  6:02  Overlord  
  87  6:10  Roach x8  
  101  6:18  Roach  
  101  6:19  Roach x2  
  101  6:20  Drone  
  101  6:22  Roach x3  
  101  6:23  Roach x2  
  117  6:27  Glial Reconstitution  
  117  6:28  Overlord  
  117  6:31  Roach x3  
  122  6:33  Ravager  
  122  6:34  Ravager  
  122  6:35  Zergling x6  
  127  6:45  Overlord  
  127  6:46  Zergling x6  
  129  6:53  Roach x7  
  142  6:59  Roach, Zergling x2  
  144  7:02  Overlord x2  
  144  7:04  Ravager x2  
  144  7:05  Zergling x4  
  144  7:07  Roach  
  143  7:16  Roach x4  
  143  7:20  Zergling x8  
  152  7:24  Roach  
  152  7:25  Roach x2  
  152  7:27  Ravager  
  150  7:31  Roach x4  
  150  7:32  Zergling x2  
  150  7:33  Zergling x4  
  150  7:34  Ravager  
  150  7:35  Zergling x2  
  161  7:37  Roach  
  161  7:43  Roach  
  161  7:44  Roach x2  
  160  7:46  Overlord  
  160  7:49  Ravager  
  160  7:50  Zergling x2  
  160  7:51  Zergling x6  
  159  7:58  Roach x3  
  159  8:03  Evolution Chamber  
  148  8:06  Roach x2  
  148  8:09  Roach x2, Ravager  
  148  8:10  Roach x3  
  157  8:14  Drone x4  
  157  8:15  Drone  
  157  8:19  Roach x3  
  168  8:22  Ravager  
  168  8:26  Drone x2  
  160  8:42  Extractor  
Show
View Real Time Build Order
Export as new Build Order

trigger Protoss 

Build Orders: 1 Gate Expand, Oracle Opening 

Get SALT Encoding   

  12  0:00  Probe  
  13  0:12  Probe  
  14  0:17  Pylon  
  14  0:24  Probe (Chrono Boost)  
  15  0:36  Probe (Chrono Boost)  
  15  0:39  Gateway  
  16  0:45  Probe (Chrono Boost)  
  16  0:49  Assimilator  
  17  0:50  Probe  
  18  1:02  Probe  
  19  1:15  Probe  
  20  1:24  Nexus  
  20  1:34  Cybernetics Core  
  20  1:37  Probe  
  21  1:43  Assimilator  
  21  1:49  Probe  
  21  1:52  Pylon  
  22  2:01  Probe  
  23  2:07  Adept (Chrono Boost)  
  23  2:13  Probe  
  26  2:21  Stargate  
  26  2:25  Probe (Chrono Boost)  
  27  2:30  Adept  
  27  2:36  Probe (Chrono Boost), Warp Gate  
  30  2:39  Probe (Chrono Boost)  
  31  2:44  Probe (Chrono Boost)  
  31  2:45  Probe (Chrono Boost)  
  31  2:50  Probe (Chrono Boost)  
  32  2:53  Probe  
  34  3:02  Probe, Adept  
  34  3:05  Probe  
  38  3:07  Oracle (Chrono Boost)  
  41  3:14  Probe  
  41  3:15  Pylon  
  41  3:17  Probe  
  43  3:26  Probe  
  44  3:29  Probe  
  45  3:34  Oracle (Chrono Boost)  
  45  3:38  Probe  
  49  3:41  Probe  
  50  3:49  Nexus  
  50  3:50  Probe  
  50  3:52  Pylon  
  50  3:53  Probe  
  48  4:02  Probe  
  49  4:03  Twilight Council  
  49  4:05  Probe, Assimilator  
  50  4:13  Twilight Council  
  50  4:14  Probe  
  51  4:17  Pylon  
  51  4:18  Probe  
  52  4:24  Stalker  
  52  4:26  Probe  
  52  4:30  Probe  
  56  4:32  Shield Battery  
  56  4:38  Probe  
  56  4:42  Probe (Chrono Boost), Gateway  
  56  4:45  Gateway  
  58  4:51  Probe (Chrono Boost), Pylon  
  59  4:54  Probe (Chrono Boost)  
  59  4:56  Blink (Chrono Boost)  
  60  5:00  Gateway, Stalker  
  60  5:03  Probe (Chrono Boost)  
  60  5:05  Probe x2 (Chrono Boost), Charge (Chrono Boost)  
  65  5:12  Probe (Chrono Boost)  
  65  5:14  Probe (Chrono Boost), Gateway  
  68  5:17  Probe (Chrono Boost)  
  69  5:22  Probe (Chrono Boost), Gateway  
  69  5:25  Gateway  
  69  5:26  Stalker  
  69  5:28  Probe  
  72  5:41  Pylon, Stalker x2  
  76  5:51  Gateway, Stalker  
  76  5:53  Gateway  
  76  5:55  Pylon  
  76  5:56  Stalker  
  80  6:06  Stalker x2  
  80  6:09  Pylon  
  84  6:13  Pylon, Gateway  
  80  6:20  Stalker x3  
  84  6:28  Zealot x2  
  88  6:34  Stalker x2  
  92  6:43  Zealot  
  92  6:44  Zealot x2  
  98  6:52  Zealot x4  
  106  6:56  Pylon  
  106  6:57  Pylon  
  106  6:58  Stalker  
  108  7:01  Zealot  
  108  7:04  Zealot x3  
  116  7:14  Stalker x5  
  102  7:25  Stalker x5  
  106  7:37  Zealot x3  
  106  7:38  Zealot  
  106  7:43  Stalker  
  105  7:48  Zealot x3  
  104  8:00  Zealot x2  
  104  8:03  Zealot  
  104  8:04  Zealot x3  
  102  8:12  Stalker x3  
  89  8:23  Zealot x2  
  85  8:30  Zealot x3  
  85  8:31  Zealot  
  77  8:36  Stalker  
  65  8:46  Zealot x3  
Tags
 
Add a new tag
Caveats
  • Supply blocks, unpowered buildings, or Contaminate may cause inaccurate times.
  • Supply counts are checked every 10 seconds.